 Dungeon Crawl Stone Soup version 0.24.0-1-gfbc8707122 (webtiles) character file.

Game seed: 14818904936227475701, levelgen mode: deterministic

5 Mrkan the Vexing (level 1, -1/19 HPs)
             Began as an Ogre Arcane Marksman on Oct 28, 2019.
             Slain by Jessica
             ... wielding a +6 club
              (10 damage)
             ... on level 2 of the Dungeon.
             The game lasted 00:03:02 (1131 turns).

Mrkan the Vexing (Ogre Arcane Marksman)             Turns: 1131, Time: 00:03:03

Health: -1/19      AC:  3    Str: 13    XL:     1   Next: 80%
Magic:  2/2        EV: 10    Int: 14    God:
Gold:   27         SH:  0    Dex:  9    Spells: 1/2 levels left

rFire    . . .     SeeInvis .   m - +0 whip (vamp)
rCold    . . .     Gourm    .   (no shield)
rNeg     . . .     Faith    .   a - +0 robe
rPois    .         Spirit   .   (helmet restricted)
rElec    .         Reflect  .   (no cloak)
rCorr    .         Harm     .   (gloves unavailable)
MR       .....                  (boots unavailable)
Stlth    +.........             (no amulet)
HPRegen  0.06/turn              (no ring)
MPRegen  0.08/turn              (no ring)

@: no status effects
A: large, unfitting armour, tough skin 1
a: no special abilities


You were on level 2 of the Dungeon.
You were hungry.

You visited 1 branch of the dungeon, and saw 2 of its levels.

You collected 27 gold pieces.

Inventory:

Hand Weapons
 m - a +0 vampiric whip (weapon)
Missiles
 c - a large rock (quivered)
 d - 2 throwing nets
 h - 63 stones
Armour
 a - a +0 robe (worn)
Jewellery
 l - an uncursed amulet of the acrobat {unknown}
Scrolls
 b - 2 scrolls of identify
 e - 2 scrolls of teleportation {unknown}
 i - a scroll of fear {unknown}
 k - 2 scrolls of noise {unknown}
Potions
 g - 2 potions of heal wounds {unknown}
 j - a potion of agility {unknown}
 n - a potion of flight {unknown}
Comestibles
 f - 2 rations


   Skills:
 + Level 1.6 Fighting
 * Level 0.0 Maces & Flails
 - Level 2.2 Throwing
 - Level 1.7 Dodging
 + Level 1.4 Spellcasting
 + Level 2.7 Hexes


You had one spell level left.
You knew the following spells:

 Your Spells              Type           Power        Failure   Level  Hunger
a - Corona                Hex            #......      9%          1    ##.....

Your spell library contained the following spells:

 Spells                   Type           Power        Failure   Level  Hunger
 Slow                     Hex            #.......     12%         2    ###....
 Inner Flame              Hex/Fire       #.......     41%         3    ####...
 Portal Projectile        Hex/Tloc       #.....       41%         3    ####...
 Cause Fear               Hex            #.........   63%         4    #####..
 Leda's Liquefaction      Hex/Erth       #.........   82%         4    #####..


Dungeon Overview and Level Annotations

Branches:
Dungeon (2/15)

Altars:
Fedhas

Annotations:
D:2 Jessica


Innate Abilities, Weirdness & Mutations

You are too large for most types of armour.
You have tough skin. (AC +1)


Message History

Aim: Jessica, wielding a +6 club and wearing a +0 robe (heavily wounded, fast)
You throw a large rock. The large rock hits Jessica.
Jessica is severely wounded.
Jessica gestures at you while chanting.
You barely resist. Jessica hits you with a +6 club.
You barely miss Jessica.
Jessica is severely wounded.
Jessica casts a spell at you. You resist with some effort.
Jessica gestures wildly while chanting.
Jessica blinks!
You closely miss Jessica.
Jessica is severely wounded.
Jessica hits you with a +6 club.
You barely miss Jessica.
Jessica is severely wounded.
Jessica gestures wildly.
Jessica hits you with a +6 club. Jessica hits you with a +6 club!
Ouch! That really hurt!
You die...

#. #......# .# #.
##.##### )..#.### #.####
.....# #....## . ...#
###.... ...
#.#########.....
(...#####...............
....(...#.########......
...<.(@@......# #......
....###.####..# #......
. #.. ...##...... ##.P
#..##.....


P.P . ##.... PP_P ##### PPPPP .PPP.. You could see Jessica.

Vanquished Creatures
  A kobold (D:1)
  2 bats (D:1)
  3 rats (D:1)
6 creatures vanquished.

Notes
Turn   | Place    | Note
-------+----------+-------------------------------------------
     0 | D:1      | Mrkan the Ogre Arcane Marksman began the quest for the Orb.
     0 | D:1      | Reached XP level 1. HP: 19/19 MP: 2/2
  1124 | D:2      | Noticed Jessica
  1125 | D:2      | Found a blossoming altar of Fedhas.
  1131 | D:2      | Slain by Jessica

Levels and vault maps discovered:
D:1:      eino_arrival_cavern_b, layout_basic
D:2:      layout_rooms, fedhas_altar_3, first_ration,
          nicolae_ru_great_annihilating_truth, uniq_jessica

Action                   || total
-------------------------++-------
Melee: Unarmed           ||    30
       Whip              ||     3
Throw: Large rock        ||     3
  Use: Scroll            ||     1
       Potion            ||     1
Armor: Robe              ||    26
Dodge: Dodged            ||    25
